Unix NetHack Version 5.0.0-0 post-release - last build May 17 2026 04:57:42 (dc50c8380fa5e20985bfe3072449f57b8d9895ef,branch:main).

Game began 2026-05-20 03:15:50, ended 2026-05-20 03:26:50.

ArrBianca, lawful female dwarven Archeologist

                   --------
                  --......--
                 --........-----
                 |..........>|.--
                 --..^..........-----
                  --................-------------
                   |.........------....d@dex)(..-
                   |.0.......|    -------------
           ----   --...*....-|       --.-----
      ---- |..|   |..........| ---   |......|
     --..|--.)-----..[)......---.-- --......|
     |...--.....|...*.............---.......--
      -...........*.....)....................----
     -----..<....*.........................^....|
     -.............|......-.....................|
       ---........---.......*..............*...--
        |......---- ---.--..^.................--
        --.|..--      -----.---.--............|
         ------           --- ---|..|.|.--..---
                                 ------------
ArrBianca the Digger       St:13 Dx:10 Co:12 In:16 Wi:15 Ch:9  Lawful
Dlvl:4  $:30 HP:0(23) Pw:3(3) AC:8  Xp:2 T:1586  Hungry  

Latest messages:
 The arrow misses Komo.
 You are hit by an arrow.
 Komo bites the werejackal.
 The werejackal swings her bow at Komo.
 The werejackal hits Komo.
 The werejackal shoots an arrow!
 The arrow misses Komo.
 You are hit by an arrow.
 The werejackal shoots an arrow!
 The arrow hits Komo.
 The werejackal shoots an arrow!
 The arrow hits Komo!
 The werejackal shoots an arrow!
 The arrow hits Komo!
 Komo picks up an arrow.
 Komo drops an arrow.
 You see the cave spider hide under a whistle.
 The werejackal shoots an arrow!
 The arrow hits Komo.
 Komo is killed!
 The werejackal shoots an arrow!
 You are hit by an arrow!
 You can move again.
 You see here a housecat corpse named Komo.
 The werejackal shoots an arrow!
 You are hit by an arrow.
 You see here 3 arrows.
 The werejackal wields a sling!
 You lash the werejackal.
 The werejackal swings her sling.
 The werejackal hits!
 You lash the werejackal!
 The werejackal changes into a jackal.
 The werejackal drops a sling.
 The werejackal bites!
 You lash the werejackal.
 The werejackal bites!
 You miss the werejackal.
 The werejackal bites!
 You miss the werejackal.
 The werejackal summons help!
 A jackal suddenly appears next to you!
 The werejackal bites!
 You feel feverish.
 You lash the werejackal!
 The jackal bites!
 You die...
 Do you want your possessions identified? [ynq] (y) y
 Do you want to see your attributes? [ynq] (y) y
 Do you want an account of creatures vanquished? [ynaq] (y) q

Inventory:
 Coins    ('$')
  $ - 30 gold pieces
 Weapons  (')')
  a - a +3 bullwhip (weapon in right hand)
 Armor    ('[')
  c - a blessed +1 fedora (being worn)
  o - an uncursed +0 orcish helm
  b - an uncursed +0 leather jacket (being worn)
 Comestibles  ('%')
  d - 6 uncursed food rations
  w - a cursed food ration
  B - an uncursed melon
  t - an uncursed homemade tin of gnome meat
  r - 2 uncursed homemade tins of jackal meat
  k - an uncursed homemade tin of kobold meat
 Spellbooks  ('+')
  C - an uncursed spellbook of haste self
 Potions  ('!')
  l - an uncursed potion of gain ability
  j - an uncursed potion of healing
 Wands    ('/')
  z - a wand of opening (0:5)
 Tools    ('(')
  h - an empty uncursed sack
  q - an expensive camera (0:98)
  v - a blessed magic lamp
  i - a magic marker (0:20)
  u - an uncursed oil lamp
  e - a +0 pick-axe (alternate weapon; not wielded)
  f - a tinning kit (0:51)
 Gems/Stones  ('*')
  g - an uncursed touchstone

ArrBianca the Archeologist's attributes:

Background:
 You were a Digger, a level 2 female dwarven Archeologist.
 You were lawful, on a mission for Quetzalcoatl
 who was opposed by Camaxtli (neutral) and Huhetotl (chaotic).
 You were right-handed.
 You were in the Gnomish Mines, on level 4.
 You entered the dungeon 1586 turns ago.
 It was nighttime.
 You had 33 experience points, 7 more were needed to attain level 3.

Basics:
 You had 0 out of 23 hit points.
 You had all 3 energy points (spell power).
 Your armor class was 8.
 Your wallet contained 30 zorkmids.
 Autopickup was on for '$?!/="+%' plus thrown, with exceptions.

Final Characteristics:
 Your strength was 13 (limit:18/100).
 Your dexterity was 10 (limit:20).
 Your constitution was 12 (limit:20).
 Your intelligence was 16 (limit:16).
 Your wisdom was 15 (limit:16).
 Your charisma was 9 (limit:16).

Final Status:
 You were hungry.
 You were unencumbered.
 You were wielding a whip.
 You had basic skill with whip.

Final Attributes:
 You were devoutly aligned.
 You were level-drain resistant.
 You had automatic searching.
 You had infravision.
 You were a werejackal.
 You were harmed by silver.
 You were lucky.
 You are dead.

Miscellaneous:
 You didn't encounter any bones levels.
 Total elapsed playing time was 11 minutes.

Major events:
 Turn
    1: ArrBianca the lawful female dwarven Archeologist entered the dungeon
  480: entered the Gnomish Mines
 1586: killed by a jackal

Spells:
 Name                 Level Category     Fail Retention
 haste self             3   escape       100%  76%-100%

Skills:
 Fighting Skills
   bare handed combat [Unskilled]
   two weapon combat  [Unskilled]
   riding             [Unskilled]
 Weapon Skills
   dagger             [Unskilled]
   knife              [Unskilled]
   pick-axe           [Basic]
   short sword        [Unskilled]
   saber              [Unskilled]
   club               [Unskilled]
   quarterstaff       [Unskilled]
   sling              [Unskilled]
   dart               [Unskilled]
   boomerang          [Unskilled]
   whip               [Basic]
   unicorn horn       [Unskilled]
 Spellcasting Skills
   attack spells      [Unskilled]
   healing spells     [Unskilled]
   divination spells  [Unskilled]
   matter spells      [Unskilled]

Voluntary challenges:
 Character rerolling was not enabled.
 You followed a strict vegan diet.
 You never genocided any monsters.
 You never polymorphed an object.
 You never changed form.
 You used no wishes.
Achievement:
 You entered the Gnomish Mines.

 The Dungeons of Doom: levels 1 to 3
    Level 1:
       Some fountains, a sink.
    Level 2:
       Some altars, a fountain.
       Stairs down to The Gnomish Mines.
    Level 3:
 The Gnomish Mines: levels 3 to 4
    Level 3:
    Level 4: <- You were here.
       Final resting place for
          you, killed by a jackal.


Vanquished creatures:
  a housecat
  a gnome leader
  a little dog
 an iguana
 an acid blob
  a hobbit
  a large kobold
 12 gnomes
  5 jackals
  a kobold
  a goblin
  3 grid bugs
  a lichen
  a kobold zombie
  a newt
32 creatures vanquished.

No species were genocided or became extinct.

Game over:
                       ----------
                      /          \
                     /    REST    \
                    /      IN      \
                   /     PEACE      \
                  /                  \
                  |    ArrBianca     |
                  |      30 Au       |
                  |   killed by a    |
                  |      jackal      |
                  |                  |
                  |                  |
                  |       2026       |
                 *|     *  *  *      | *
        _________)/\\_//(\/(/\)/\//\/|_)_______

Goodbye ArrBianca the Archeologist...

You died in The Gnomish Mines on dungeon level 4 with 309 points,
and 30 pieces of gold, after 1586 moves.
You were level 2 with a maximum of 23 hit points when you died.

